 Dungeon Crawl Stone Soup version 0.32-a0-450-g080537f31e (webtiles) character file.

Game seed: 11546806009175175388

411 PriceMaster the Magician (level 6, -9/28 HPs)
             Began as a Spriggan Earth Elementalist on Feb 24, 2024.
             Shot with an arrow by a centaur (12 damage)
             ... on level 5 of the Dungeon.
             The game lasted 00:08:44 (4525 turns).

PriceMaster the Magician (SpEE)                     Turns: 4525, Time: 00:08:45

Health: -9/28      AC:  4    Str:  4    XL:     6   Next: 58%
Magic:  1/15       EV: 17    Int: 23    God:
Gold:   195        SH:  0    Dex: 15    Spells: 3/16 levels left

rFire   + . .        n - +3 morningstar "Peapsic" {freeze, rCorr Int+4}
rCold   x . .        (no shield)
rNeg    . . .        a - +0 robe
rPois   .            (helmet restricted)
rElec   .            k - +1 cloak
rCorr   +            (gloves unavailable)
SInv    +            (boots unavailable)
Will    +....        (no amulet)
Stlth   +++          d - ring of fire
HPRegen 0.24/turn    (no ring)
MPRegen 0.14/turn

%: no passive effects
@: slightly contaminated, very quick
A: very small, no large weapons, unfitting armour, see invisible, speed 3
a: no special abilities


You were on level 5 of the Dungeon.
You visited 1 branch of the dungeon, and saw 5 of its levels.

You collected 285 gold pieces.
You spent 90 gold pieces at shops.

Inventory:

Hand Weapons
 n - the +3 morningstar "Peapsic" (weapon) {freeze, rCorr Int+4}
   (You found it on level 3 of the Dungeon)

   Int+4:     It affects your intelligence (+4).
   rCorr:     It protects you from acid and corrosion.
Armour
 a - a +0 robe (worn)
 j - a scarf of shadows
 k - a +1 cloak (worn)
Magical Staves
 i - a staff of death
Jewellery
 d - a ring of fire (left hand)
Wands
 l - a wand of paralysis (13)
 o - a wand of flame (20)
Scrolls
 c - 4 scrolls of identify
 e - a scroll of revelation {unknown}
 g - a scroll of butterflies {unknown}
 h - 2 scrolls of poison {unknown}
 m - 2 scrolls of teleportation {unknown}
 q - a scroll of fear {unknown}
 s - a scroll of immolation {unknown}
Potions
 b - a potion of brilliance {unknown}
 f - 4 potions of curing
 p - a potion of lignification {unknown}
 r - a potion of haste {unknown}


   Skills:
 + Level 0.2 Fighting
 + Level 0.1(0.5) Axes
 + Level 0.9(1.0) Maces & Flails
 + Level 3.1 Dodging
 + Level 4.2 Stealth
 + Level 5.6 Spellcasting
 * Level 2.0 Conjurations
 * Level 1.1 Summonings
 + Level 3.9 Earth Magic


You had 3 spell levels left.
You knew the following spells:

 Your Spells              Type           Power      Damage    Failure   Level
a - Sandblast             Erth           48%        2d12      1%          1
b - Summon Blazeheart Go  Fire/Summ      13%        N/A       56%         4
c - Call Canine Familiar  Summ           11%        N/A       17%         3
d - Iskenderun's Battles  Conj           15%        2d7       71%         5

Your spell library contained the following spells:

 Spells                   Type           Power      Damage    Failure   Level
 Summon Small Mammal      Summ           44%        N/A       5%          1
 Passwall                 Erth           24%        N/A       5%          3
 Stone Arrow              Conj/Erth      40%        3d9       8%          3
 Static Discharge         Conj/Air       22%        3-4/arc   9%          2
 Brom's Barrelling Bould  Conj/Erth      20%        2d4       26%         4
 Petrify                  Alch/Erth      15%        N/A       36%         4
 Summon Lightning Spire   Summ/Air       9%         N/A       56%         4
 Airstrike                Air            3%         2d(1-17)  65%         4
 Fireball                 Conj/Fire      8%         3d6       86%         5
 Conjure Ball Lightning   Conj/Air       5%         3x3d6     100%        6
 Orb of Destruction       Conj           7%         9d6       100%        7


Dungeon Overview and Level Annotations

Branches:
Dungeon (5/15)
 Temple: D:4-7

Altars:
Elyvilon
Ru
Zin


Innate Abilities, Weirdness & Mutations

You are very small and have problems with some larger weapons.
You are too small for most types of armour.
You have supernaturally acute eyesight. (SInv)
You cover ground extremely quickly. (Speed+++)


Message History

You feel a surge of power!
You miscast Summon Blazeheart Golem.
Heat runs through your body! You resist.
The centaur shoots an arrow.
The arrow misses you.
Casting: Summon Blazeheart Golem (astonishingly dangerous; 56% risk of failure)
Confirm with . or Enter, or press ? or * to list all spells.
You feel a surge of power!
You miscast Summon Blazeheart Golem.
You are lightly contaminated with residual magic.
Heat runs through your body! You resist.
* * * LOW HITPOINT WARNING * * *
The centaur shoots an arrow.
The arrow misses you.
The centaur shoots an arrow.
The arrow hits you.
* * * LOW HITPOINT WARNING * * *
Casting: Summon Blazeheart Golem (astonishingly dangerous; 56% risk of failure)
Confirm with . or Enter, or press ? or * to list all spells.
Okay, then.
There is a stone staircase leading up here.
The centaur shoots an arrow.
The arrow barely misses you.
Casting: Summon Blazeheart Golem (astonishingly dangerous; 56% risk of failure)
Confirm with . or Enter, or press ? or * to list all spells.
You miscast Call Canine Familiar.
Nothing appears to happen.
You feel better.
The centaur shoots an arrow.
The arrow hits you!
* * * LOW HITPOINT WARNING * * *
Casting: Call Canine Familiar (quite dangerous; 17% risk of failure)
Confirm with . or Enter, or press ? or * to list all spells.
Aiming: Sandblast (safe; 1% risk of failure)
Press: ? - help, Shift-Dir - straight line, f - centaur
Aim: a centaur, wielding a +0 shortbow (90% to hit)
Okay, then.
Casting: Sandblast (safe; 1% risk of failure)
Confirm with . or Enter, or press ? or * to list all spells.
Okay, then.
Aiming: Throw Flame
Press: ? - help, Shift-Dir - straight line, f - centaur
Aim: a centaur, wielding a +0 shortbow (81% to hit)
The puff of flame hits the centaur.
The centaur is moderately wounded.
The centaur shoots an arrow.
The arrow hits you.
* * * LOW HITPOINT WARNING * * *
The centaur shoots an arrow.
The arrow hits you!
You die...

###. #..
#c# #.#
#<# #c#
##.##
##...####
#....@..+
##...####
##.## #.#
..# #.##
#.


You could see a centaur.

Vanquished Creatures
  A black bear (D:4)
  An ogre (D:4)
  A nameless horror (D:4)
  Crazy Yiuf (D:3)
  An iguana (D:4)
  An orc wizard (D:4)
  A sleepcap (D:4)
  2 adders (D:4)
  3 ribbon worms
  8 orcs
  6 ball pythons
  2 endoplasms
  10 hobgoblins
  6 jackals
  5 quokkas
  5 frilled lizards
  14 goblins
  2 kobolds
  5 rats
75 creatures vanquished.

Vanquished Creatures (collateral kills)
  Robin (D:3)
  An orc (D:4)
  A goblin (D:3)
  3 hobgoblins (D:3)
  A ball python (D:3)
7 creatures vanquished.

Vanquished Creatures (others)
  A butterfly (D:4)
1 creature vanquished.

Grand Total: 83 creatures vanquished

Notes
Turn   | Place    | Note
-------+----------+-------------------------------------------
     0 | D:1      | PriceMaster the Spriggan Earth Elementalist began the quest
                  | for the Orb.
     0 | D:1      | Reached XP level 1. HP: 9/9 MP: 5/5
   307 | D:1      | Reached XP level 2. HP: 13/13 MP: 2/6
   441 | D:1      | Learned a level 1 spell: Summon Small Mammal
   963 | D:2      | Reached skill level 3 in Spellcasting
  1739 | D:3      | Found a faded altar of an unknown god.
  1773 | D:3      | Reached XP level 3. HP: 14/16 MP: 0/8
  1883 | D:3      | Learned a level 3 spell: Call Canine Familiar
  2066 | D:3      | Found a runed translucent door.
  2067 | D:3      | Noticed Crazy Yiuf
  2418 | D:3      | Noticed Robin
  2419 | D:3      | Identified the +3 morningstar "Peapsic" {freeze, rCorr
                  | Int+4}
  2426 | D:3      | Reached skill level 1 in Conjurations
  2441 | D:3      | Killed Robin
  2442 | D:3      | Reached skill level 4 in Spellcasting
  2442 | D:3      | Reached XP level 4. HP: 16/21 MP: 2/11
  2541 | D:3      | Found a glowing silver altar of Zin.
  2542 | D:3      | Found Zin's Purification Station.
  2547 | D:3      | Bought a potion of curing for 90 gold pieces
  2999 | D:3      | Killed Crazy Yiuf
  3099 | D:4      | Noticed an ogre
  3105 | D:4      | Killed an ogre
  3106 | D:4      | Reached XP level 5. HP: 24/24 MP: 5/13
  3268 | D:4      | Found a white marble altar of Elyvilon.
  3387 | D:4      | Noticed a nameless horror
  3432 | D:4      | Killed a nameless horror
  3464 | D:4      | Reached skill level 5 in Spellcasting
  3621 | D:4      | Found a sacrificial altar of Ru.
  3682 | D:4      | Reached XP level 6. HP: 24/28 MP: 15/15
  3814 | D:4      | Learned a level 5 spell: Iskenderun's Battlesphere
  4347 | D:4      | Reached skill level 1 in Summonings
  4486 | D:4      | Learned a level 4 spell: Summon Blazeheart Golem
  4513 | D:5      | Entered Level 5 of the Dungeon
  4525 | D:5      | Shot with an arrow by a centaur

Illustrated notes

Levels and vault maps discovered:
D:1:      shiori_arrival_maze, layout_basic
D:2:      layout_basic
D:3:      minmay_general_purpose_star, layout_loops_ring, zin_purify,
          shapermc_ecumenical_altar_petra, uniq_crazy_yiuf_cottage, uniq_robin
D:4:      layout_loops_cross, nicolae_elyvilon_peaceful_grove, kennysheep_mini
D:5:      layout_loops_corners, minmay_puff

Skill      XL: |  1  2  3  4  5  6 |
---------------+-------------------+-----
Earth Magic    | 3 |  3.9
Spellcasting   | 3 4 5 |  5.6
Conjurations   | 1 2 |  2.0
Dodging        | 3 |  3.1
Stealth        | 4 |  4.2
Summonings     | 1 |  1.1
Fighting       | |  0.2
Axes           | |  0.1
Maces & Flails | |  0.9

Action                     |  1- 3 |  4- 6 || total
---------------------------+-------+-------++-------
  Melee: Unarmed           |     7 |       ||     7
         Staff             |     7 |       ||     7
         Morningstar       |       |    34 ||    34
   Cast: Sandblast         |    71 |    26 ||    97
         Summon Small Mamm |     3 |       ||     3
         Call Canine Famil |     3 |     9 ||    12
  Evoke: Wand              |       |     1 ||     1
    Use: Potion            |     1 |     1 ||     2
         Scroll            |       |     2 ||     2
   Stab: Sleeping          |       |     3 ||     3
 Armour: Robe              |    18 |    29 ||    47
  Dodge: Dodged            |    59 |    33 ||    92

Table legend: (Time is in decaauts)
 A = Elapsed time spent in this place.
 B = Non-inter-level travel time spent in this place.
 C = Inter-level travel time spent in this place.
 D = Time resting spent in this place.
 E = Time spent auto-exploring this place.
 F = Levels seen in this place.
 G = Mean time per level.
                   A        B        C        D        E       F      G
               +--------+--------+--------+--------+--------+-----+--------+
         Total |   3480 |   3382 |     98 |    507 |   2367 |   5 |  696.0 |
       Dungeon |   3480 |   3382 |     98 |    507 |   2367 |   5 |  696.0 |
               +--------+--------+--------+--------+--------+-----+--------+

Top non-repeatable levels by time:
     D:4: 1188 daAuts
     D:3: 1039 daAuts
     D:1: 657 daAuts
     D:2: 584 daAuts
     D:5: 9 daAuts
